 Dungeon Sprint DCSS version 0.28.0-43-g3370ac3207 (webtiles) character file.

Game seed: 11661993099523866747

1766 boopmooplesden the Fencer (level 8, -9/135 HPs)
             Began as a Minotaur Berserker on Mar 17, 2022.
             Was a High Priest of Trog.
             Mangled by a sun demon (11 damage)
             ... summoned by an orc high priest
             ... in the Dungeon (Sprint III: "The Ten Rune Challenge").
             The game lasted 00:02:40 (1340 turns).

boopmooplesden the Fencer (Minotaur Berserker)      Turns: 1340, Time: 00:02:41

Health: -9/135     AC:  5    Str: 22    XL:     8   Next: 80%
Magic:  7/7        EV: 14    Int:  4    God:    Trog [*****.]
Gold:   19         SH:  0    Dex: 12    Spells: 7/7 levels left

rFire   . . .      SeeInvis .   a - +0 falchion
rCold   . . .      Faith    .   (no shield)
rNeg    . . .      Spirit   .   p - +0 troll leather armour
rPois   +          Reflect  .   (helmet restricted)
rElec   .          Harm     .   (no cloak)
rCorr   .          Rampage  .   (no gloves)
Will    .....      Clarity  +   (no boots)
Stlth   .......... NoTele   +   (no amulet)
HPRegen 1.12/turn               (no ring)
MPRegen 0.10/turn               (no ring)

@: berserking, very quick
A: horns 2, retaliatory headbutt, clarity, poison resistance
a: Renounce Religion, Berserk, Trog's Hand, Brothers in Arms


You were in the Dungeon.
You worshipped Trog.
Trog was extremely pleased with you.
You visited 1 branch You collected 19 gold pieces.

Inventory:

Hand Weapons
 a - a +0 falchion (weapon)
 j - a +3 quarterstaff of chaos
 q - a +1 long sword of holy wrath
Missiles
 i - 6 javelins (quivered)
Armour
 b - a +0 animal skin
 k - a +0 cloak
 p - a +0 troll leather armour (worn)
Wands
 r - a wand of flame (25)
Scrolls
 h - a scroll of blinking
 l - 2 scrolls of holy word {unknown}
 m - 2 scrolls of identify {unknown}
Potions
 c - 2 potions of curing
 d - 3 potions of heal wounds
 e - a potion of haste
 f - 2 potions of magic
 g - 2 potions of berserk rage
 n - 3 potions of flight {unknown}
 o - a potion of might
Miscellaneous
 s - a condenser vane (inert)


   Skills:
 + Level 14.6 Fighting
 + Level 15.9 Long Blades
 + Level 2.4 Throwing
 + Level 7.0 Armour
 + Level 6.3 Dodging
 + Level 1.6 Stealth


You had 7 spell levels left.
You didn't know any spells.
Your spell library was empty.

Dungeon Overview and Level Annotations

Branches:
Dungeon (1/1)

Altars:
Cheibriados
Dithmenos
Elyvilon
Fedhas
Gozag
Hepliaklqana
Kikubaaqudgha
Makhleb
Nemelex Xobeh
Okawaru
Qazlal
Ru
Sif Muna
Trog
Uskayaw
Vehumet
Wu Jian
Xom
Yredelemnul
Zin
The Shining One
Beogh
Jiyva
Lugonu


Innate Abilities, Weirdness & Mutations

You have a pair of horns on your head.
You reflexively headbutt those who attack you in melee.
You possess an exceptional clarity of mind.
Your system is resistant to poisons. (rPois)


Message History

Trog accepts your kill.
You feel a bit more experienced.
You closely miss the sun demon. You barely miss the sun demon.
Your headbutt misses the sun demon. The sun demon hits you!
You are engulfed in flames!
You closely miss the sun demon. Your headbutt misses the sun demon.
The sun demon barely misses you.
You hear a shout!
A red film seems to cover your vision as you go berserk!
You feel yourself moving faster!
You feel mighty! The sun demon hits you!!
You are engulfed in flames!
You hear a shout!
You completely miss the sun demon. You headbutt the sun demon.
The sun demon is lightly wounded.
The sun demon barely misses you. You furiously retaliate!
You headbutt the sun demon. You hit the sun demon.
The sun demon is lightly wounded.
You barely miss the sun demon.
The sun demon is lightly wounded.
The sun demon hits you.
You are engulfed in flames!
You hit the sun demon. Your headbutt misses the sun demon.
The sun demon is lightly wounded.
You slash the sun demon! Your headbutt misses the sun demon.
The sun demon is heavily wounded.
You hit the sun demon.
The sun demon is heavily wounded.
The sun demon hits you.
You are engulfed in flames!!
* * * LOW HITPOINT WARNING * * *
Trog accepts your kill.
You feel a bit more experienced.
You closely miss the sun demon.
The sun demon is heavily wounded.
The orc sorcerer closely misses the sun demon.
You hit the sun demon but do no damage. Your headbutt misses the sun demon.
The sun demon is heavily wounded.
The sun demon hits you!!
* * * LOW HITPOINT WARNING * * *
You are engulfed in flames!
You die...

♣.############$# ##
♣.#___#___#__#$##o#
..#...#__)#)_#$$.o
♣.###'#'###'##4$o
..#..........#.$
..'.⌠........#o#
♣.#...######'#.#
..#.⌠.#__#...#'##############
..#...#__#...#o3@.#.#.#.....#
..#)###__#...##)#).#.##.#
..#.).#__#...'##.#)#.##)#
..#___#__'...#...#..#..##
▓▓▓▓▓▓▓▓▓▓▓▓▓▓▓▓▓▓▓▓▓▓▓▓


You could see a sun demon (summoned) and an orc sorcerer (confused).

Vanquished Creatures
  A deep elf pyromancer (D)
  A shadow (D)
  A spatial vortex (D)
  A necrophage (D)
  4 two-headed ogres (D)
  A water elemental (D)
  A jelly (D)
  Crazy Yiuf (D)
  Jessica (D)
  A wizard (D)
  A necromancer (D)
  3 humans (D)
  A kobold demonologist (D)
  2 orcs (D)
  An endoplasm (D)
  A rat (D)
22 creatures vanquished.

Notes
Turn   | Place    | Note
-------+----------+-------------------------------------------
     0 | D        | boopmooplesden the Minotaur Berserker began the quest for
                  | the Orb.
     0 | D        | Reached XP level 1. HP: 19/19 MP: 0/0
     6 | D        | Reached skill level 4 in Long Blades
    11 | D        | Noticed Jessica
    14 | D        | Killed Jessica
    14 | D        | Reached ** piety under Trog
    15 | D        | Reached skill level 5 in Fighting
    15 | D        | Reached skill level 6 in Long Blades
    15 | D        | Reached XP level 2. HP: 30/30 MP: 1/1
   121 | D        | Reached XP level 3. HP: 37/37 MP: 2/2
   269 | D        | Noticed Crazy Yiuf
   272 | D        | Killed Crazy Yiuf
   273 | D        | Reached skill level 7 in Long Blades
   273 | D        | Reached XP level 4. HP: 45/45 MP: 3/3
   302 | D        | Gained mutation: Potions are less effective at restoring
                  | your health. [potion of mutation]
   302 | D        | Gained mutation: You are agile. (Dex +2) [potion of
                  | mutation]
   302 | D        | Lost mutation: You are agile. (Dex +2) [potion of mutation]
   302 | D        | Gained mutation: Your muscles are strong. (Str +2) [potion
                  | of mutation]
   303 | D        | Lost mutation: Potions are less effective at restoring your
                  | health. [potion of mutation]
   303 | D        | Lost mutation: Your muscles are strong. (Str +2) [potion of
                  | mutation]
   303 | D        | Gained mutation: Your magical capacity is low. (-10% MP)
                  | [potion of mutation]
   303 | D        | Gained mutation: You are weak. (Str -2) [potion of
                  | mutation]
   304 | D        | Lost mutation: Your magical capacity is low. (-10% MP)
                  | [potion of mutation]
   304 | D        | Lost mutation: You are weak. (Str -2) [potion of mutation]
   304 | D        | Gained mutation: You are frail. (-10% HP) [potion of
                  | mutation]
   304 | D        | Gained mutation: You are resistant to electric shocks.
                  | (rElec) [potion of mutation]
   305 | D        | Lost mutation: You are resistant to electric shocks.
                  | (rElec) [potion of mutation]
   305 | D        | Lost mutation: You are frail. (-10% HP) [potion of
                  | mutation]
   305 | D        | Gained mutation: You are partially covered in iridescent
                  | scales. (AC +2) [potion of mutation]
   305 | D        | Gained mutation: You possess an exceptional clarity of
                  | mind. [potion of mutation]
   305 | D        | Gained mutation: Your muscles are strong. (Str +2) [potion
                  | of mutation]
   306 | D        | Lost mutation: You are partially covered in iridescent
                  | scales. (AC +2) [potion of mutation]
   306 | D        | Lost mutation: Your muscles are strong. (Str +2) [potion of
                  | mutation]
   306 | D        | Gained mutation: Your system is resistant to poisons.
                  | (rPois) [potion of mutation]
   435 | D        | Noticed a water elemental
   439 | D        | Killed a water elemental
   440 | D        | Reached skill level 8 in Long Blades
   440 | D        | Reached XP level 5. HP: 53/53 MP: 4/4
   564 | D        | Found a radiant altar of Vehumet.
   564 | D        | Found a shimmering blue altar of Sif Muna.
   564 | D        | Found an ancient bone altar of Kikubaaqudgha.
   565 | D        | Reached *** piety under Trog
   566 | D        | Reached skill level 9 in Long Blades
   607 | D        | Found a hide-covered altar of Uskayaw.
   607 | D        | Found an iron altar of Okawaru.
   607 | D        | Found a bloodstained altar of Trog.
   607 | D        | Found an ornate altar of the Wu Jian Council.
   607 | D        | Noticed a human
   607 | D        | Noticed a human
   610 | D        | Killed a human
   611 | D        | Reached skill level 10 in Fighting
   611 | D        | Reached skill level 11 in Long Blades
   611 | D        | Reached skill level 1 in Throwing
   611 | D        | Reached skill level 5 in Armour
   611 | D        | Reached XP level 6. HP: 67/67 MP: 5/5
   623 | D        | Killed a human
   623 | D        | Reached **** piety under Trog
   624 | D        | Reached skill level 12 in Long Blades
   717 | D        | Found a glowing silver altar of Zin.
   717 | D        | Found a glowing golden altar of the Shining One.
   717 | D        | Found a white marble altar of Elyvilon.
   717 | D        | Noticed a deep elf pyromancer
   722 | D        | Killed a deep elf pyromancer
   723 | D        | Reached skill level 14 in Long Blades
   723 | D        | Reached skill level 5 in Dodging
   723 | D        | Reached XP level 7. HP: 78/78 MP: 6/6
   862 | D        | Found a basalt altar of Yredelemnul.
   862 | D        | Found a shadowy altar of Dithmenos.
   862 | D        | Found a sacrificial altar of Ru.
   922 | D        | Noticed a shadow
   930 | D        | Reached XP level 8. HP: 76/86 MP: 7/7
   933 | D        | Reached ***** piety under Trog
   970 | D        | Found a blossoming altar of Fedhas.
   970 | D        | Found a stormy altar of Qazlal.
   970 | D        | Found a snail-covered altar of Cheibriados.
   970 | D        | Found a burning altar of Makhleb.
   970 | D        | Found a shimmering altar of Xom.
   971 | D        | Found a hazy altar of Hepliaklqana.
   971 | D        | Found an opulent altar of Gozag.
   971 | D        | Found a sparkling altar of Nemelex Xobeh.
   971 | D        | Found a corrupted altar of Lugonu.
   971 | D        | Found a viscous altar of Jiyva.
   981 | D        | Reached skill level 1 in Stealth
  1118 | D        | Reached skill level 15 in Long Blades
  1268 | D        | Noticed a two-headed ogre
  1272 | D        | Killed a two-headed ogre
  1324 | D        | Noticed an orc high priest
  1325 | D        | Noticed a sun demon
  1326 | D        | Noticed an orc sorcerer
  1340 | D        | HP: 2/135 [sun demon[an orc high priest] (22)]
  1340 | D        | Mangled by a sun demon

Illustrated notes

Levels and vault maps discovered:
D:        dungeon_sprint_mu [sprint_mu_entry_forest, sprint_mu_temple_rooms,
          sprint_mu_d1_spiders, sprint_mu_d2_genie, sprint_mu_d3_branching,
          sprint_mu_orc_legion, sprint_mu_elf_gauntlet, sprint_mu_hive_nellie,
          sprint_mu_lair_fedhas, sprint_mu_vaults_butterflies,
          sprint_mu_slime_circle, sprint_mu_swamp_cave, sprint_mu_snake_twists,
          sprint_mu_blade_basic, sprint_mu_crypt_chambers,
          sprint_mu_tomb_spiral, sprint_mu_vestibule_basic,
          sprint_mu_gehenna_hellfire, sprint_mu_dis_giant,
          sprint_mu_tartarus_statrot, sprint_mu_cocytus_islands, sprint_mu_zot1]

Skill      XL: |  1  2  3  4  5  6  7  8 |
---------------+-------------------------+-----
Fighting       | 5 6 8 10 12 13 14 | 14.6
Long Blades    | 6 7 8 11 14 15 | 15.9
Armour         | 3 4 5 6 7 |  7.0
Dodging        | 3 4 5 6 |  6.3
Throwing       | 1 2 |  2.4
Stealth        | 1 |  1.6

Action                   |  1- 3 |  4- 6 |  7- 9 || total
-------------------------+-------+-------+-------++-------
Melee: Falchion          |    11 |    22 |    30 ||    63
       Headbutt          |     1 |     4 |     3 ||     8
       Punch             |       |     1 |     1 ||     2
Throw: Javelin           |     3 |       |       ||     3
Invok: Berserk           |     2 |     4 |     5 ||    11
Evoke: Condenser vane    |       |       |     2 ||     2
  Use: Potion            |       |     5 |       ||     5
Armor: Animal skin       |     2 |     2 |       ||     4
Dodge: Dodged            |     4 |     4 |     8 ||    16
